[Event "Titled Tuesday Blitz June 13 Early 2023"]
[White "Wagner, Dennis"]
[Black "Chernomordik, Pavel"]
[WhiteFideId "24650684"]
[BlackFideId "2804530"]
[WhiteElo "2478"]
[BlackElo "2193"]
[Result "1-0"]
[Round "10"]
[TimeControl "180+2"]
[Date "2023.06.13"]
[WhiteClock "0:00:09"]
[BlackClock "0:00:00"]
[Board "62"]

1. e4 g6 2. d4 Bg7 3. Nc3 d6 4. Nf3 a6 5. a4 b6 6. Bd3 Bb7 7. O-O Nd7 8. Re1 e6 9. Bf4 h6 10. h4 e5 11. dxe5 Nxe5 12. Bg3 Ne7 13. Nxe5 dxe5 14. Bc4 O-O 15. Qe2 Kh7 16. Rad1 Qc8 17. h5 Nc6 18. Nd5 Nd4 19. Rxd4 exd4 20. Qf3 Qd8 21. Bxc7 Qg5 22. Nxb6 Rae8 23. Bxf7 Re7 24. hxg6+ Kh8 25. Bd6 Be5 26. Bxe7 Qxe7 27. Qh5 Kg7 28. Nd7 Bf4 29. Nxf8 Kxf8 30. Qf5 Qg5 31. Qxg5 hxg5 32. g3 Be5 33. Bd5 Bc8 34. Kg2 g4 35. Rh1 Bd7 36. Rh7 Be8 37. Bf7 Bxa4 38. b3 Bc6 39. Bd5 Be8 40. Rh5 Bg7 41. Rf5+ Ke7 42. Bf7 Bc6 43. Rf4 1-0


[Site "https://www.chess.com"]

[Event "Titled Tuesday Blitz June 13 Early 2023"]
[White "Brunner, Nicolas"]
[Black "Martinez Ramirez, Lennis"]
[WhiteFideId "620246"]
[BlackFideId "3509079"]
[WhiteElo "2319"]
[BlackElo "2410"]
[Result "0-1"]
[Round "10"]
[TimeControl "180+2"]
[Date "2023.06.13"]
[WhiteClock "0:00:20"]
[BlackClock "0:01:14"]
[Board "63"]

1. Nf3 Nf6 2. g3 e6 3. Bg2 b6 4. O-O Bb7 5. c4 Be7 6. b3 O-O 7. Bb2 c5 8. d3 Nc6 9. e3 Rc8 10. Qe2 d5 11. Rd1 d4 12. Ne5 Qd6 13. f4 dxe3 14. Qxe3 Rfd8 15. Nc3 Qb8 16. Nxc6 Bxc6 17. Ne4 Ng4 18. Qe2 f5 19. Nd2 Qd6 20. Nf3 Bf6 21. Bxf6 gxf6 22. h3 Nh6 23. Re1 Re8 24. Rad1 Rcd8 25. Qe3 Nf7 26. d4 Bxf3 27. dxc5 Qxd1 28. Rxd1 Rxd1+ 29. Kh2 Bxg2 30. Kxg2 bxc5 31. Qxc5 Red8 32. h4 R8d2+ 33. Kh3 Rh1# 0-1


[Site "https://www.chess.com"]

[Event "Titled Tuesday Blitz June 13 Early 2023"]
[White "brm72"]
[Black "Skvortsov, Andrei"]
[BlackFideId "24108600"]
[WhiteElo "2534"]
[BlackElo "2259"]
[Result "0-1"]
[Round "10"]
[TimeControl "180+2"]
[Date "2023.06.13"]
[WhiteClock "0:00:25"]
[BlackClock "0:01:49"]
[Board "64"]

1. e4 e6 2. d4 d5 3. e5 c5 4. c3 a6 5. f4 Bd7 6. Nf3 Bb5 7. Bxb5+ axb5 8. a4 bxa4 9. Rxa4 Nc6 10. O-O h5 11. Rxa8 Qxa8 12. Be3 Nh6 13. dxc5 Ng4 14. Bd4 Qa2 15. h3 Nxd4 16. Qxd4 Nh6 17. b4 Nf5 18. Qd2 Qa7 19. Kh2 Be7 20. Nd4 Nh6 21. f5 Qb8 22. Qe2 Bf6 23. fxe6 Qxe5+ 24. Qxe5 Bxe5+ 25. Kg1 f6 26. Nd2 Ke7 27. Ra1 Bxd4+ 28. cxd4 Kxe6 29. Ra7 Rb8 30. Kf2 Nf5 31. Nb3 Ne7 32. b5 Nc8 33. Ra2 b6 34. Ra6 Kf5 35. c6 Nd6 36. c7 Rc8 37. Rxb6 Ne4+ 38. Ke3 Rxc7 39. Rc6 Re7 40. Kf3 Ra7 41. Nc5 Ra3+ 42. Ke2 Nc3+ 43. Kf2 Nxb5 44. Ne6 g5 45. Ng7+ Kg6 46. Ne8 Nxd4 47. Nxf6 Nxc6 0-1


[Site "https://www.chess.com"]

[Event "Titled Tuesday Blitz June 13 Early 2023"]
[White "Manukian, Artak"]
[Black "benny_aizenberg"]
[WhiteFideId "13301373"]
[WhiteElo "2130"]
[BlackElo "2690"]
[Result "1/2-1/2"]
[Round "10"]
[TimeControl "180+2"]
[Date "2023.06.13"]
[WhiteClock "0:01:35"]
[BlackClock "0:01:26"]
[Board "65"]

1. e4 g5 2. d4 g4 3. c4 h5 4. Nc3 d6 5. Bd3 Bg7 6. Nge2 Nc6 7. Be3 e5 8. d5 Nce7 9. Ng3 h4 10. Nf5 Bxf5 11. exf5 Nf6 12. Ne4 Nxf5 13. Bg5 h3 14. g3 Nd4 15. Bxf6 Bxf6 16. Qxg4 Be7 17. O-O-O Qd7 18. Qxd7+ Kxd7 19. Nc3 f5 20. Nb5 Raf8 21. Nxd4 exd4 22. f4 c5 23. Rde1 1/2-1/2


[Site "https://www.chess.com"]

[Event "Titled Tuesday Blitz June 13 Early 2023"]
[White "Kucuksari, Kaan"]
[Black "feuervogel1000000"]
[WhiteFideId "6380166"]
[WhiteElo "2364"]
[BlackElo "2522"]
[Result "0-1"]
[Round "10"]
[TimeControl "180+2"]
[Date "2023.06.13"]
[WhiteClock "0:00:17"]
[BlackClock "0:01:29"]
[Board "66"]

1. e4 e5 2. Nf3 Nc6 3. Nc3 Nf6 4. Bb5 Nd4 5. Ba4 Bc5 6. O-O O-O 7. d3 d6 8. h3 c6 9. Nxd4 Bxd4 10. Ne2 Bb6 11. c3 d5 12. exd5 cxd5 13. d4 e4 14. Ng3 Bc7 15. Bb3 Be6 16. Be3 Qd6 17. Qd2 Nh5 18. Bd1 Nxg3 19. fxg3 Qxg3 20. Bf4 Bxf4 21. Qxf4 Qxf4 22. Rxf4 f5 23. h4 g6 24. Be2 h6 25. g3 g5 26. Rf2 f4 27. Kh2 f3 28. Bd1 g4 29. Bb3 e3 30. Rff1 f2 31. Bd1 Bf5 32. Be2 Be4 33. Bxg4 Bd3 34. Kg2 Rae8 35. Bf3 Bxf1+ 36. Rxf1 Rxf3 37. Kxf3 e2 0-1


[Site "https://www.chess.com"]

[Event "Titled Tuesday Blitz June 13 Early 2023"]
[White "Aarav Dengla"]
[Black "Fus, Jakub"]
[WhiteFideId "45059756"]
[BlackFideId "1193023"]
[WhiteElo "2288"]
[BlackElo "2335"]
[Result "1-0"]
[Round "10"]
[TimeControl "180+2"]
[Date "2023.06.13"]
[WhiteClock "0:00:10"]
[BlackClock "0:00:07"]
[Board "67"]

1. e4 e5 2. Nf3 Nc6 3. Bb5 Nf6 4. d3 Bc5 5. c3 O-O 6. O-O d5 7. exd5 Qxd5 8. Bc4 Qd8 9. Bg5 Bg4 10. h3 Bh5 11. Nbd2 h6 12. Bh4 g5 13. Bg3 Re8 14. Re1 a6 15. Qc2 Bd6 16. d4 exd4 17. Rxe8+ Nxe8 18. Bxd6 Nxd6 19. cxd4 Nb4 20. Qb3 Nxc4 21. Nxc4 Nd5 22. Nce5 f6 23. Ng4 Bxg4 24. hxg4 b6 25. Rc1 Kg7 26. Nd2 Qd7 27. Ne4 Rd8 28. Ng3 Qxg4 29. Qd3 Re8 30. Nf5+ Kf8 31. Nxh6 Qxg2+ 32. Kxg2 Nf4+ 33. Kf3 Nxd3 34. Rxc7 Re6 35. Nf5 Ne1+ 36. Kg4 Nd3 37. Kh5 Nf4+ 38. Kh6 Re2 39. Nd6 Rxf2 40. Rf7+ Kg8 41. Rxf6 g4 42. Ne4 Rh2+ 43. Kg5 g3 44. Kxf4 g2 45. Rg6+ Kf8 46. Rg3 Rh4+ 47. Kf3 Ke7 48. Rxg2 Ke6 49. Rg6+ Kd5 50. Nc3+ Kc4 51. Rc6+ Kd3 52. Rxb6 Rxd4 53. Rxa6 Kc2 54. Rb6 Kc1 55. a4 Rd3+ 56. Ke4 Rd8 57. a5 Ra8 58. Kd5 Kc2 59. Kc4 Rxa5 60. b4 Ra3 61. Rc6 Kb2 62. Nd5 Rh3 63. b5 Rh4+ 64. Kc5 Ka3 65. b6 Rh7 66. Rc7 Rh8 67. b7 Rb8 68. Kb6 Ka4 69. Ka7 Rd8 70. b8=Q Rxb8 71. Kxb8 Ka5 1-0


[Site "https://www.chess.com"]

[Event "Titled Tuesday Blitz June 13 Early 2023"]
[White "Kubicka, Anna"]
[Black "Sadykov, Ramil"]
[WhiteFideId "1152254"]
[BlackFideId "24113590"]
[WhiteElo "2144"]
[BlackElo "2245"]
[Result "0-1"]
[Round "10"]
[TimeControl "180+2"]
[Date "2023.06.13"]
[WhiteClock "0:00:00"]
[BlackClock "0:00:40"]
[Board "68"]

1. e4 c5 2. Ne2 Nf6 3. Nec3 Nc6 4. g3 d5 5. exd5 Nxd5 6. Bg2 Nc7 7. O-O e5 8. d3 Bd6 9. Be3 O-O 10. Ne4 Ne6 11. Nxd6 Qxd6 12. Nc3 b6 13. Ne4 Qc7 14. Qh5 Bb7 15. Nf6+ gxf6 16. Be4 Rfe8 17. Qxh7+ Kf8 18. Bh6+ Ke7 19. Bg6 Ncd8 20. f4 Qc6 21. Be4 Qd7 22. fxe5 Qd4+ 23. Kh1 Bxe4+ 24. dxe4 Qxe5 25. Rad1 Nc6 26. Rd5 Rh8 27. Rd7+ Kxd7 28. Qxf7+ Ne7 29. Rd1+ Nd4 30. Bf4 Qxe4+ 31. Kg1 Rxh2 0-1


[Site "https://www.chess.com"]

[Event "Titled Tuesday Blitz June 13 Early 2023"]
[White "Bagwe Gaurang"]
[Black "Ajay Karthikeyan"]
[WhiteFideId "45039895"]
[BlackFideId "35011685"]
[WhiteElo "1847"]
[BlackElo "2321"]
[Result "0-1"]
[Round "10"]
[TimeControl "180+2"]
[Date "2023.06.13"]
[WhiteClock "0:00:02"]
[BlackClock "0:01:34"]
[Board "69"]

1. e4 c5 2. Nf3 d6 3. d4 cxd4 4. Nxd4 Nf6 5. Nc3 g6 6. Be3 a6 7. f3 b5 8. Qd2 h5 9. O-O-O Bb7 10. Be2 Nbd7 11. g4 hxg4 12. fxg4 Rc8 13. Bf3 Ne5 14. Nd5 Nxd5 15. exd5 Bg7 16. Be4 Nxg4 17. Bg5 Rc4 18. Qf4 Ne5 19. Rhf1 Qb6 20. Nc6 Bxc6 21. dxc6 f5 22. Bh4 Rxe4 23. Qg3 Rhxh4 24. Rxf5 gxf5 25. Qxg7 Qxc6 0-1


[Site "https://www.chess.com"]

[Event "Titled Tuesday Blitz June 13 Early 2023"]
[White "Palczert, Matyas"]
[Black "Veiga, Jose Francisco R P Neves"]
[WhiteFideId "784958"]
[BlackFideId "1930087"]
[WhiteElo "2224"]
[BlackElo "2319"]
[Result "1-0"]
[Round "10"]
[TimeControl "180+2"]
[Date "2023.06.13"]
[WhiteClock "0:00:18"]
[BlackClock "0:00:05"]
[Board "70"]

1. e4 Nc6 2. Nf3 d6 3. d4 Nf6 4. Nc3 g6 5. Be2 Bg7 6. O-O O-O 7. d5 Nb8 8. a4 c6 9. a5 e6 10. dxe6 Bxe6 11. Bf4 d5 12. Bg5 dxe4 13. Qxd8 Rxd8 14. Nxe4 Nbd7 15. Nd6 Nc5 16. Rfd1 h6 17. Be3 Nfe4 18. Nxe4 Nxe4 19. c3 c5 20. Bd3 Bb3 21. Bxe4 Rxd1+ 22. Rxd1 Bxd1 23. Bxb7 Rb8 24. a6 Bxf3 25. gxf3 Bf8 26. b4 cxb4 27. Bxa7 Bd6 28. cxb4 Re8 29. Be3 Bb8 30. b5 Rxe3 31. fxe3 Ba7 32. Kf2 Kf8 33. Ke2 Ke7 34. f4 f5 35. h4 Kf6 36. Kd3 g5 37. hxg5+ hxg5 38. fxg5+ Kxg5 39. Kc4 Bxe3 40. Kd5 f4 41. Kc6 f3 42. Kc7 f2 43. Bg2 Kg4 44. b6 Kg3 45. Bf1 Kh2 46. a7 Kg1 47. Be2 Bxb6+ 48. Kxb6 f1=Q 49. Bxf1 Kxf1 1-0


[Site "https://www.chess.com"]

[Event "Titled Tuesday Blitz June 13 Early 2023"]
[White "Ezat, Mohamed"]
[Black "De La Villa Garcia, Jesus Maria"]
[WhiteFideId "10600906"]
[BlackFideId "2200040"]
[WhiteElo "2372"]
[BlackElo "2477"]
[Result "1-0"]
[Round "10"]
[TimeControl "180+2"]
[Date "2023.06.13"]
[WhiteClock "0:01:09"]
[BlackClock "0:00:09"]
[Board "71"]

1. d4 Nf6 2. c4 e6 3. Nc3 Bb4 4. f3 d6 5. e4 O-O 6. Bd3 c5 7. a3 Ba5 8. d5 Re8 9. Ne2 b5 10. O-O bxc4 11. Bxc4 h6 12. Kh1 exd5 13. Nxd5 Nc6 14. Qa4 Bd7 15. Nxf6+ gxf6 16. Qb3 Ne5 17. Bxh6 Rb8 18. Qc2 Qb6 19. Rab1 Nxc4 20. Qxc4 Be6 21. Qc1 Qb3 22. Ng3 Kh7 23. Qf4 Rg8 24. Qh4 Rg6 25. Bg5+ Kg7 26. Bxf6+ Kf8 27. Be7+ Ke8 28. Bxd6 Rd8 29. Qe7# 1-0


[Site "https://www.chess.com"]

[Event "Titled Tuesday Blitz June 13 Early 2023"]
[White "Estrada Nieto, Julian"]
[Black "Iskusnyh, Sergei"]
[WhiteFideId "5101018"]
[BlackFideId "4120027"]
[WhiteElo "2161"]
[BlackElo "2492"]
[Result "1-0"]
[Round "10"]
[TimeControl "180+2"]
[Date "2023.06.13"]
[WhiteClock "0:00:08"]
[BlackClock "0:00:00"]
[Board "72"]

1. e4 e6 2. d4 d5 3. Nd2 c5 4. exd5 Qxd5 5. Ngf3 cxd4 6. Bc4 Qd6 7. O-O Nf6 8. Nb3 Nc6 9. Nbxd4 Nxd4 10. Nxd4 Be7 11. c3 O-O 12. Bb3 Bd7 13. Qf3 Qc7 14. Re1 a5 15. a4 Ra6 16. Bc2 Bc5 17. Bf4 Bd6 18. Bxd6 Rxd6 19. Rad1 Rd8 20. Qe2 Be8 21. h3 Qc5 22. Nf3 g6 23. Ne5 Qb6 24. Nc4 Qc5 25. Nxd6 Rxd6 26. Rxd6 Qxd6 27. Qe5 Qd2 28. Qe2 Qd6 29. Rd1 Qb6 30. Qe5 Kg7 31. c4 Bc6 32. g4 h6 33. h4 Bf3 34. g5 hxg5 35. hxg5 Bxd1 36. Qxf6+ Kg8 37. Bxd1 Qb4 38. Bf3 Qe1+ 39. Kg2 Qc1 40. Qe5 Qxc4 41. Qb8+ 1-0


[Site "https://www.chess.com"]

[Event "Titled Tuesday Blitz June 13 Early 2023"]
[White "robertoalejandro10"]
[Black "The_Sherman_Variation"]
[WhiteElo "2601"]
[BlackElo "2464"]
[Result "1-0"]
[Round "10"]
[TimeControl "180+2"]
[Date "2023.06.13"]
[WhiteClock "0:00:50"]
[BlackClock "0:00:52"]
[Board "73"]

1. Nf3 Nf6 2. c4 g6 3. g3 Bg7 4. Bg2 d6 5. O-O O-O 6. Nc3 Nbd7 7. b3 e5 8. Bb2 c6 9. Rc1 Ne8 10. d4 Qe7 11. dxe5 dxe5 12. Ne4 f5 13. Nc3 e4 14. Ne1 Ne5 15. Qc2 Be6 16. Kh1 g5 17. e3 g4 18. Ne2 Nf3 19. Bxf3 gxf3 20. Nf4 Bf7 21. h3 Qg5 22. Bxg7 Nxg7 23. Kh2 Rad8 24. Qc3 Rd6 25. Rh1 Nh5 26. Nxh5 Qxh5 27. Nc2 Rfd8 28. h4 Qg4 29. Nd4 c5 30. Nb5 Rh6 31. Kg1 a6 32. Nc7 Rhd6 33. Kh2 R8d7 34. Nd5 Bxd5 35. cxd5 Rxd5 36. Rc2 R7d6 37. Qc4 b5 38. Qf1 Rd2 39. Qc1 Rh6 40. Kg1 Rxc2 41. Qxc2 Rc6 42. Kh2 Qg6 43. Rd1 Qf6 44. Rd5 c4 45. bxc4 Rxc4 46. Qd2 Rc6 47. Rd8+ Kg7 48. Qd7+ Qf7 49. Qxc6 1-0


[Site "https://www.chess.com"]

[Event "Titled Tuesday Blitz June 13 Early 2023"]
[White "Becerra, Juan David"]
[Black "FunnyDuck66"]
[WhiteFideId "4404998"]
[WhiteElo "2304"]
[BlackElo "2457"]
[Result "1/2-1/2"]
[Round "10"]
[TimeControl "180+2"]
[Date "2023.06.13"]
[WhiteClock "0:00:10"]
[BlackClock "0:00:12"]
[Board "74"]

1. e4 c6 2. c4 d5 3. cxd5 cxd5 4. exd5 Nf6 5. Qa4+ Nbd7 6. Nc3 g6 7. Bc4 Bg7 8. d3 a6 9. Nf3 O-O 10. Qa3 b6 11. O-O Bb7 12. Re1 Re8 13. Be3 b5 14. Bb3 Nb6 15. Bxb6 Qxb6 16. Qb4 Rad8 17. Rxe7 Rxe7 18. Qxe7 Nxd5 19. Nxd5 Bxd5 20. Bxd5 Rxd5 21. Qe8+ Bf8 22. d4 Kg7 23. Rc1 Rd8 24. Qe5+ Kg8 25. d5 Bg7 26. Qe7 Bxb2 27. Rc7 Qf6 28. Qxf6 Bxf6 29. Rc6 Be7 30. Rxa6 Rxd5 31. g3 Bc5 32. Kg2 Rd1 33. Rc6 Be7 34. Rc2 Kg7 35. h4 h5 36. Nd2 Re1 37. Kf3 Re6 38. Ne4 Ra6 39. Nc3 Ra3 40. Kg2 b4 41. Nd5 Bd6 42. Rc6 Bf8 43. Rc2 Bd6 44. Ne3 Be5 45. Nc4 Rc3 46. Rxc3 Bxc3 47. Kf3 Kf6 48. Ke4 Ke6 49. f3 Be1 50. g4 Bxh4 51. gxh5 gxh5 52. Ne3 Be7 53. Nf5 Bf6 54. Kf4 Kd5 55. Nh6 Kc4 56. Nxf7 Kc3 57. Nd6 Kb2 58. Ne4 Be7 59. Nf2 h4 60. Nd3+ Kxa2 61. Nxb4+ Bxb4 62. Kg4 Be7 63. Kh3 Kb3 64. Kh2 Kc4 65. Kh1 Kd5 66. f4 Ke4 67. f5 Kxf5 68. Kg2 Kg4 69. Kh1 h3 70. Kh2 Bd6+ 71. Kh1 h2 72. Kg2 h1=Q+ 73. Kxh1 1/2-1/2


[Site "https://www.chess.com"]

[Event "Titled Tuesday Blitz June 13 Early 2023"]
[White "Spata, German"]
[Black "Fernandez Siles, Luis"]
[WhiteFideId "113026"]
[BlackFideId "2209420"]
[WhiteElo "2260"]
[BlackElo "2195"]
[Result "1-0"]
[Round "10"]
[TimeControl "180+2"]
[Date "2023.06.13"]
[WhiteClock "0:00:16"]
[BlackClock "0:00:00"]
[Board "75"]

1. Nf3 Nf6 2. e3 g6 3. d4 Bg7 4. Be2 O-O 5. b3 d6 6. Bb2 Nbd7 7. O-O a5 8. a3 Ne4 9. c4 f5 10. Nc3 Nxc3 11. Bxc3 Nf6 12. d5 c5 13. Qc2 Ne4 14. Bxg7 Kxg7 15. Bd3 Nf6 16. Qb2 e5 17. dxe6 Bxe6 18. Rfd1 Qe7 19. Be2 Kg8 20. Nd2 Ne4 21. Bf3 Bd7 22. Nf1 Bc6 23. Ng3 h5 24. Ne2 Ng5 25. Bd5+ Kh7 26. Nf4 Rae8 27. a4 Ne4 28. Qc2 h4 29. h3 g5 30. Ne2 g4 31. hxg4 fxg4 32. Nc3 Bxd5 33. Rxd5 Kg8 34. Nxe4 Qxe4 35. Qxe4 Rxe4 36. Rxd6 g3 37. fxg3 Rxe3 38. gxh4 Rxb3 39. Rf1 Rxf1+ 40. Kxf1 Rb4 41. Kf2 Rxc4 42. h5 Rxa4 43. Kf3 c4 44. Rd8+ Kg7 45. Rd7+ Kh6 46. g4 c3 47. Rc7 Ra3 48. Kf4 Ra4+ 49. Kf5 1-0


[Site "https://www.chess.com"]

[Event "Titled Tuesday Blitz June 13 Early 2023"]
[White "Hoffmann, Asa"]
[Black "Bodnaruk, Anastasia"]
[WhiteFideId "2001470"]
[BlackFideId "4181751"]
[WhiteElo "2117"]
[BlackElo "2304"]
[Result "0-1"]
[Round "10"]
[TimeControl "180+2"]
[Date "2023.06.13"]
[WhiteClock "0:00:08"]
[BlackClock "0:00:05"]
[Board "76"]

1. d4 Nf6 2. Bg5 g6 3. Nc3 d5 4. f3 Bg7 5. e4 c6 6. e5 Nfd7 7. Qd2 h6 8. Be3 Nf8 9. f4 b5 10. Nf3 a5 11. Bd3 Bg4 12. O-O Na6 13. h3 Bxf3 14. Rxf3 Nb4 15. Be2 f5 16. exf6 exf6 17. a3 Na6 18. f5 g5 19. Rf2 h5 20. Qd1 h4 21. Bh5+ Kd7 22. Bg4 Kc8 23. Bxg5 Kb7 24. Bf4 Nc7 25. Qd2 Ne8 26. Re1 Nd6 27. b3 Nh7 28. Rfe2 Re8 29. Re6 Rxe6 30. Rxe6 Bf8 31. Qf2 b4 32. axb4 axb4 33. Na4 Ne4 34. Qxh4 Nhg5 35. Bxg5 Nxg5 36. Re2 Bd6 37. Qf2 Ne4 38. Qf3 Qd7 39. Qd3 Re8 40. Bf3 Qxf5 41. Bxe4 dxe4 42. Qc4 Qf4 43. Nc5+ Kc7 44. Rf2 Qh2+ 45. Kf1 e3 46. Na6+ Kb6 47. Nc5 Qh1+ 48. Ke2 exf2+ 49. Kf3 f1=Q+ 50. Kg4 Qf4+ 51. Kh5 Qg5# 0-1


[Site "https://www.chess.com"]

[Event "Titled Tuesday Blitz June 13 Early 2023"]
[White "Slavin, Alexey"]
[Black "Portela Peleteiro, Alberto"]
[WhiteFideId "24104388"]
[BlackFideId "22276106"]
[WhiteElo "2264"]
[BlackElo "2353"]
[Result "1-0"]
[Round "10"]
[TimeControl "180+2"]
[Date "2023.06.13"]
[WhiteClock "0:01:37"]
[BlackClock "0:00:52"]
[Board "77"]

1. e4 c5 2. g3 Nc6 3. Bg2 g6 4. Ne2 Bg7 5. O-O Nf6 6. Nbc3 O-O 7. a3 d6 8. Rb1 a5 9. Nb5 Bd7 10. h3 Qc8 11. Kh2 h5 12. d3 h4 13. g4 Ne5 14. c4 Nfxg4+ 15. hxg4 Bxg4 16. f4 h3 17. Bh1 Nc6 18. Qe1 f5 19. Ng3 e5 20. exf5 Qxf5 21. Nxf5 1-0


[Site "https://www.chess.com"]

[Event "Titled Tuesday Blitz June 13 Early 2023"]
[White "Shukhman, Anna"]
[Black "Afanasieva, Alexandra"]
[WhiteFideId "54180058"]
[BlackFideId "34126926"]
[WhiteElo "2235"]
[BlackElo "1736"]
[Result "0-1"]
[Round "10"]
[TimeControl "180+2"]
[Date "2023.06.13"]
[WhiteClock "0:00:18"]
[BlackClock "0:00:08"]
[Board "78"]

1. e4 c5 2. Nf3 e6 3. d4 cxd4 4. Nxd4 Nf6 5. Nc3 Nc6 6. Nxc6 bxc6 7. e5 Nd5 8. Ne4 Qc7 9. f4 Qb6 10. c4 Bb4+ 11. Ke2 f5 12. exf6 Nxf6 13. Be3 Qc7 14. Nxf6+ gxf6 15. c5 d6 16. Kf2 Bxc5 17. Bxc5 dxc5 18. Qh5+ Kf8 19. Qxc5+ Kg7 20. g3 Rd8 21. Be2 Rd2 22. Rhd1 Rxb2 23. Kf1 Rab8 24. Rac1 R8b6 25. Qd6 Qxd6 26. Rxd6 Ba6 27. Rxe6 Rxe2 28. Rxe2 Rb2 29. Rxc6 Bxe2+ 30. Ke1 Rxa2 31. f5 Bg4 32. Rc7+ Kh6 33. Rf7 Kg5 34. h4+ Kxf5 35. Rxh7 a5 36. Ra7 a4 37. Kf1 a3 38. Ra5+ Kg6 39. Ra4 Be6 40. g4 Ra1+ 41. Kg2 a2 42. h5+ Kh6 43. Ra6 Rb1 44. Rxe6 a1=Q 45. Rxf6+ Qxf6 46. Kg3 Kg5 47. Kh2 Qf2+ 48. Kh3 Rb3# 0-1


[Site "https://www.chess.com"]

[Event "Titled Tuesday Blitz June 13 Early 2023"]
[White "Jaivardhan Raj"]
[Black "Venkatesh, M.R."]
[WhiteFideId "25744437"]
[BlackFideId "5005779"]
[WhiteElo "1772"]
[BlackElo "2450"]
[Result "0-1"]
[Round "10"]
[TimeControl "180+2"]
[Date "2023.06.13"]
[WhiteClock "0:00:18"]
[BlackClock "0:01:47"]
[Board "79"]

1. e4 c5 2. Nf3 Nc6 3. d4 cxd4 4. Nxd4 Nf6 5. Nc3 d6 6. Be3 Ng4 7. Qd2 Nxe3 8. Qxe3 g6 9. Nxc6 bxc6 10. Qd4 Rg8 11. Bc4 Bg7 12. Qd2 Rb8 13. Bb3 Ba6 14. Ba4 Qb6 15. Nd5 Qxb2 16. Bxc6+ Kf8 17. Rd1 e6 18. Qa5 Bc4 19. Qc7 Bc3+ 20. Nxc3 Qxc3+ 0-1


[Site "https://www.chess.com"]

[Event "Titled Tuesday Blitz June 13 Early 2023"]
[White "Aloma Vidal, Robert"]
[Black "Howell, David W L"]
[WhiteFideId "2260409"]
[BlackFideId "410608"]
[WhiteElo "2435"]
[BlackElo "2567"]
[Result "0-1"]
[Round "10"]
[TimeControl "180+2"]
[Date "2023.06.13"]
[WhiteClock "0:00:08"]
[BlackClock "0:00:08"]
[Board "80"]

1. e4 e6 2. d4 d5 3. e5 c5 4. c3 Qb6 5. Nf3 Nc6 6. Be2 cxd4 7. cxd4 Nh6 8. Bxh6 Qxb2 9. Nc3 Qxc3+ 10. Bd2 Qa3 11. O-O Bb4 12. Bc1 Qa5 13. h4 O-O 14. h5 Bd7 15. h6 g6 16. Rb1 Rab8 17. Nh2 Be7 18. Ng4 Rfc8 19. a4 Qd8 20. Qd2 Na5 21. Qf4 Nc4 22. Ra1 a5 23. Rd1 b5 24. axb5 Rxb5 25. Rd3 Rcb8 26. Rf3 Be8 27. Bd3 Rb3 28. Kh2 R8b4 29. Qg3 a4 30. Nf6+ Bxf6 31. Rxf6 Nb2 32. Rf3 Nxd3 33. Rxd3 Rxd4 34. Rxb3 axb3 35. Bg5 Qb8 36. Rb1 b2 37. Bf6 Rb4 38. Qc3 d4 39. Qc5 Ba4 40. Bg7 d3 41. Qe7 d2 42. Qf6 d1=Q 43. Rxd1 Bxd1 44. Bf8 Kxf8 45. Qg7+ Ke7 46. Qxh7 Bh5 47. Qg7 b1=Q 48. Qf6+ Kd7 49. h7 Qe4 50. f3 Qh4+ 51. Qxh4 Rxh4+ 52. Kg3 Qxe5+ 53. Kxh4 Qh8 54. g4 Qxh7 55. Kg3 Bxg4 56. Kxg4 g5 57. Kxg5 Qf5+ 58. Kh4 Qxf3 59. Kg5 Qf5+ 60. Kh6 Qg6# 0-1


[Site "https://www.chess.com"]

[Event "Titled Tuesday Blitz June 13 Early 2023"]
[White "Ciorgovean, Iustin"]
[Black "Hayrapetyan, Hovik"]
[WhiteFideId "1242911"]
[BlackFideId "13302639"]
[WhiteElo "2186"]
[BlackElo "2348"]
[Result "0-1"]
[Round "10"]
[TimeControl "180+2"]
[Date "2023.06.13"]
[WhiteClock "0:00:09"]
[BlackClock "0:00:05"]
[Board "82"]

1. e4 c5 2. Nf3 d6 3. Bb5+ Nd7 4. a4 Nf6 5. Nc3 a6 6. Be2 g6 7. O-O Bg7 8. a5 O-O 9. d4 cxd4 10. Nxd4 Qc7 11. Re1 b5 12. axb6 Nxb6 13. Bf1 Bb7 14. Nb3 Rfd8 15. Na5 Bc8 16. Nd5 Nfxd5 17. exd5 e5 18. dxe6 Bxe6 19. c3 d5 20. Be3 Nc4 21. Nxc4 dxc4 22. Qa4 Rdb8 23. Ra2 Rb3 24. Rd1 h5 25. Be2 Rab8 26. Qxa6 Rxb2 27. Rxb2 Rxb2 28. Bf1 Bxc3 29. Rc1 Bd2 30. Bxd2 Rxd2 31. Qa8+ Kh7 32. Qa3 Rxf2 33. Kxf2 Qf4+ 34. Ke1 Qxh2 35. Qe3 Qc7 36. Kf2 Qc6 37. Rc3 Qc7 38. Be2 Qc6 39. Qd4 Qb5 40. Rc2 Qf5+ 41. Ke3 Qxc2 42. Qf6 Qf5 43. Qxf5 gxf5 44. Kf4 Kg6 45. Bf3 h4 46. Bd1 c3 47. Bc2 Kf6 48. Bd3 Bd5 0-1


[Site "https://www.chess.com"]

[Event "Titled Tuesday Blitz June 13 Early 2023"]
[White "Pakleza, Zbigniew"]
[Black "Mamedov, Edgar"]
[WhiteFideId "1119290"]
[BlackFideId "13739980"]
[WhiteElo "2410"]
[BlackElo "2317"]
[Result "0-1"]
[Round "10"]
[TimeControl "180+2"]
[Date "2023.06.13"]
[WhiteClock "0:00:00"]
[BlackClock "0:00:19"]
[Board "83"]

1. g3 d5 2. b3 Nf6 3. d3 e5 4. e3 Bb4+ 5. c3 Bd6 6. a3 O-O 7. f3 d4 8. cxd4 exd4 9. e4 c5 10. Ne2 Nc6 11. Bg2 Be6 12. f4 Ng4 13. O-O Qb6 14. b4 cxb4 15. axb4 Nxb4 16. f5 Bd7 17. Na3 Ne5 18. Nf4 Rac8 19. Rb1 Qa6 20. Rxb4 Bxb4 21. Nc2 Bc5 22. Rf2 Bb5 23. Bf1 Bb6 24. Bb2 Ba4 25. Nd5 Qb5 26. Ne7+ Kh8 27. Nxc8 Rxc8 28. Na3 Qxb2 29. Qxa4 Qc3 30. Rc2 Ng4 31. Rxc3 dxc3+ 32. Kh1 Ne3 33. Be2 c2 34. Nxc2 Nxc2 35. Qd7 Rd8 36. Qxf7 Bd4 37. Bd1 Ne3 38. Bb3 Rc8 39. h4 h6 0-1


[Site "https://www.chess.com"]

[Event "Titled Tuesday Blitz June 13 Early 2023"]
[White "Golubev, Mikhail"]
[Black "Souleidis, Georgios"]
[WhiteFideId "14100983"]
[BlackFideId "4206827"]
[WhiteElo "2374"]
[BlackElo "2401"]
[Result "1-0"]
[Round "10"]
[TimeControl "180+2"]
[Date "2023.06.13"]
[WhiteClock "0:00:22"]
[BlackClock "0:00:00"]
[Board "84"]

1. e4 c5 2. Nf3 e6 3. d4 cxd4 4. Nxd4 Nf6 5. Nc3 Nc6 6. Bf4 Bb4 7. Nb5 Nxe4 8. Qf3 d5 9. Nc7+ Kf8 10. Nxa8 e5 11. Bd2 Nxd2 12. Qxd5 Bxc3 13. Qxd8+ Nxd8 14. bxc3 Ne4 15. Nc7 Nxc3 16. Nb5 Nxb5 17. Bxb5 Ne6 18. O-O-O Ke7 19. Rhe1 Kf6 20. c3 Nc7 21. Bd7 Na6 22. f4 Bxd7 23. Rxd7 Nc5 24. Rd6+ Ke7 25. Rd5 b6 26. Rexe5+ Kf6 27. Kc2 g6 28. Rd6+ Ne6 29. g3 Rc8 30. Rd7 a5 31. Rd6 Rb8 32. Rb5 Rc8 33. Rbxb6 Kf5 34. Rb7 Kf6 35. a4 h5 36. Rb5 1-0


[Site "https://www.chess.com"]

[Event "Titled Tuesday Blitz June 13 Early 2023"]
[White "whiteglovethief"]
[Black "Orlov, Georgi"]
[BlackFideId "2011271"]
[WhiteElo "2504"]
[BlackElo "2617"]
[Result "0-1"]
[Round "10"]
[TimeControl "180+2"]
[Date "2023.06.13"]
[WhiteClock "0:00:00"]
[BlackClock "0:00:04"]
[Board "85"]

1. d4 Nf6 2. c4 Nc6 3. Nf3 e6 4. g3 Bb4+ 5. Bd2 Qe7 6. a3 Bxd2+ 7. Qxd2 O-O 8. Nc3 e5 9. Nd5 Nxd5 10. cxd5 Nxd4 11. Nxd4 exd4 12. Qxd4 Re8 13. e3 d6 14. Bg2 a5 15. O-O a4 16. Rac1 b6 17. Rc3 Bf5 18. Rfc1 Rec8 19. e4 Bg6 20. Qxb6 f5 21. Rxc7 Rxc7 22. Rxc7 Qf6 23. Qc6 Rf8 24. Rc8 fxe4 25. Rxf8+ Kxf8 26. Bh3 Be8 27. Bd7 e3 28. fxe3 Qe7 29. Bxe8 Qxe3+ 30. Kf1 Qd3+ 31. Ke1 Qb1+ 32. Kd2 Qxb2+ 33. Qc2 Qd4+ 34. Qd3 Qb2+ 35. Ke3 Kxe8 36. Qe4+ Kd7 37. Qxa4+ Ke7 38. Qe4+ Kd8 39. a4 Qc1+ 40. Kf3 Qh1+ 41. Kf4 Qxh2 42. Qe6 Qd2+ 43. Kg4 Qd1+ 44. Kh3 Qh1+ 45. Kg4 Qd1+ 46. Kf4 Qxa4+ 47. Kf3 Qb3+ 48. Kg2 Qc2+ 49. Kh3 Qg6 50. Qg8+ Ke7 51. g4 Qd3+ 52. Kh4 Qg6 53. Kh3 Qh6+ 54. Kg3 Qe3+ 55. Kh4 Qh6+ 56. Kg3 Qg6 57. Kh4 h6 58. Kg3 Qd3+ 59. Kh4 Qg6 60. Kh3 Qf6 61. Kg3 Qe5+ 62. Kh3 Kf6 63. Qf8+ Kg5 64. Qf3 Qf4 65. Qd3 Qxg4+ 66. Kh2 Qf4+ 67. Kh3 Qf5+ 0-1


[Site "https://www.chess.com"]